 Dungeon Crawl Stone Soup version 0.21.1-74-g47da925 (webtiles) character file.

6673 Spoonbill the Cruncher (level 10, 0/91 HPs)
             Began as a Minotaur Gladiator on Aug 15, 2018.
             Was an Initiate of Gozag.
             Slain by an unseen horror (6 damage)
             ... on level 10 of the Dungeon.
             The game lasted 00:56:38 (9106 turns).

Spoonbill the Cruncher (Minotaur Gladiator)         Turns: 9106, Time: 00:56:39

Health: 0/91       AC:  5    Str: 21    XL:     10   Next: 73%
Magic:  7/9        EV: 22    Int: 10    God:    Gozag
Gold:   1887       SH:  0    Dex: 13    Spells: 7/9 levels left

rFire    . . .     SeeInvis .   a - +2 quarterstaff
rCold    . . .     Gourm    .   (shield currently unavailable)
rNeg     . . .     Faith    .   L - +0 leather armour
rPois    +         Spirit   .   c - +0 hat
rElec    .         Reflect  .   m - +0 cloak
rCorr    .         Harm     .   j - +0 pair of gloves
MR       .....                  (no boots)
Stlth    ++........             (no amulet)
HPRegen  0.25/turn              k - +5 ring of evasion
MPRegen  0.11/turn              u - ring of poison resistance

@: brilliant, flying
A: retaliatory headbutt, horns 2
a: Potion Petition, Call Merchant, Bribe Branch, Renounce Religion


You were on level 10 of the Dungeon.
You worshipped Gozag.
Gozag was most pleased with you.
You were not hungry.

You visited 3 branches of the dungeon, and saw 12 of its levels.

You collected 1916 gold pieces.
You paid 29 gold pieces to Gozag.

Inventory:

Hand Weapons
 a - a +2 quarterstaff (weapon)
 b - a +4 spear
 n - a +0 scythe
Missiles
 e - 273 stones
 l - 4 throwing nets (quivered)
Armour
 c - a +0 hat (worn)
 j - a +0 pair of gloves (worn)
 m - a +0 cloak (worn)
 L - a +0 leather armour (worn)
Jewellery
 k - a +5 ring of evasion (left hand)
 u - a ring of poison resistance (right hand)
 E - a +5 ring of intelligence {unknown}
Wands
 d - a wand of disintegration (20)
 o - a wand of iceblast (16)
 v - a wand of flame (29)
 y - a wand of acid (19)
 G - a wand of scattershot (2)
 H - a wand of polymorph (15)
 M - a wand of random effects (25)
 N - a wand of digging (12)
Scrolls
 h - 2 scrolls of magic mapping {unknown}
 i - 4 scrolls of teleportation
 p - a scroll of fog
 q - 2 scrolls of remove curse
 w - a scroll of amnesia {unknown}
 A - a scroll of noise {unknown}
 D - a scroll of torment {unknown}
 F - a scroll of blinking {unknown}
 I - 3 scrolls of identify
 J - a scroll of random uselessness {unknown}
 P - a scroll of enchant armour {unknown}
Potions
 g - a potion of resistance {unknown}
 r - 3 potions of might {unknown}
 s - a potion of ambrosia
 t - a potion of degeneration {unknown}
 Q - a potion of lignification {unknown}
Books
 x - a book of Minor Magic

   Spells                             Type                      Level
   a - Magic Dart                     Conjuration                  1
   b - Blink                          Translocation                2
   c - Call Imp                       Summoning                    2
   d - Slow                           Hexes                        2
   e - Conjure Flame                  Conjuration/Fire             3
   f - Mephitic Cloud                 Conjuration/Poison/Air       3
 B - a book of Frost

   Spells                             Type                      Level
   a - Freeze                         Ice                          1
   b - Throw Frost                    Conjuration/Ice              2
   c - Ozocubu's Armour               Charms/Ice                   3
   d - Throw Icicle                   Conjuration/Ice              4
   e - Summon Ice Beast               Ice/Summoning                4
 K - a book of Changes

   Spells                             Type                      Level
   a - Beastly Appendage              Transmutation                1
   b - Sticks to Snakes               Transmutation                2
   c - Spider Form                    Transmutation/Poison         3
   d - Ice Form                       Ice/Transmutation            4
   e - Blade Hands                    Transmutation                5
 O - a book of Clouds

   Spells                             Type                      Level
   a - Poisonous Vapours              Poison/Air                   2
   b - Mephitic Cloud                 Conjuration/Poison/Air       3
   c - Conjure Flame                  Conjuration/Fire             3
   d - Freezing Cloud                 Conjuration/Ice/Air          6
   e - Ring of Flames                 Charms/Fire                  7
Comestibles
 f - 11 rations


   Skills:
 * Level 9.3 Fighting
 + Level 0.8(8.4) Polearms
 + Level 12.8 Staves
 + Level 3.8 Throwing
 - Level 3.1 Armour
 * Level 9.3 Dodging
 + Level 3.6 Stealth


You had 7 spell levels left.
You knew the following spells:

 Your Spells              Type           Power        Failure   Level  Hunger
a - Blink                 Tloc           N/A          8%          2    ###....


Dungeon Overview and Level Annotations

Branches:
Dungeon (10/15)            Temple (1/1) D:6            Lair (1/6) D:9
    Orc (0/2) D:10

Altars:
Ashenzari
Cheibriados
Dithmenos
Elyvilon
Fedhas
Gozag
Hepliaklqana
Kikubaaqudgha
Makhleb
Nemelex Xobeh
Okawaru
Qazlal
Ru
Sif Muna
Trog
Uskayaw
Vehumet
Wu Jian
Xom
Yredelemnul
Zin
The Shining One


Innate Abilities, Weirdness & Mutations

You reflexively headbutt those who attack you in melee.
You have a pair of horns on your head.


Message History

You feel clever all of a sudden. Something misses you.
It was a potion of flight.
You feel very buoyant.
You fly up into the air.
Something hits you but does no damage.
You feel less invigorated.
You feel less confused. Something hits you!
* * * LOW HITPOINT WARNING * * *
Something hits you!
* * * LOW HITPOINT WARNING * * *
Okay, then.
Casting: Blink
Confirm with . or Enter, or press ? or * to list all spells.
You blink.
Found 22 gold pieces and a ration.
Something closely misses you. Something hits you but does no damage.
Something hits you.
You die...
Your body crumbles into a pile of gold.

...............#
#.
...............# #
............#### #
..............
.....>.......+###
.................#
.................#
..... ........{.#
# .... .%..$....@#
# ...# ....'.....#
# ...# #####......
.. ...# #.....##
..# #+# #.....# ##
#.# ####.## ..#
#.# . .## ##.# .##
.# #.. ..#


There were no monsters in sight!

Vanquished Creatures
  A two-headed ogre (D:8)
  The ghost of asishallab the Charmwright, a novice GnSk of Gozag (D:5)
  The ghost of bohran the Conjurer, an amateur DrFE (D:4)
  A hippogriff (D:4)
  Sigmund (D:4)
  A wyvern (D:8)
  Eustachio (D:4)
  Grum (D:9)
  2 steam dragons (D:5)
  A warg (D:10)
  2 water moccasins
  4 orc warriors
  A sky beast (D:7)
  2 ice beasts
  6 ogres
  3 wolves (D:9)
  2 centaurs
  4 phantoms
  A big kobold (D:7)
  3 bullfrogs
  2 scorpions
  4 killer bees (D:8)
  4 wights (D:9)
  2 jellies (D:10)
  5 crimson imps
  A hound (D:9)
  8 orc wizards
  3 orc priests
  An iron imp (D:5)
  3 centaur skeletons
  5 iguanas
  3 bullfrog skeletons
  3 worker ants
  Natasha (thrice) (D:2)
  2 hound zombies
  A hound skeleton (D:4)
  16 adders
  3 gnolls (D:3)
  A shadow imp (D:6)
  An ooze (D:5)
  An adder skeleton (D:4)
  5 worms
  2 dart slugs (D:3)
  5 leopard geckos
  42 orcs
  5 giant cockroaches
  4 goblins
  3 hobgoblins
  17 jackals
  A quokka (D:4)
  A ball python (D:1)
  4 bats
  3 frilled lizards
  A goblin skeleton (D:5)
  A goblin zombie (D:5)
  2 hobgoblin zombies (D:5)
  A jackal skeleton (D:4)
  8 kobolds
  2 orc zombies (D:5)
  2 rats (D:3)
  3 fungi (D:5)
  A plant (Temple)
224 creatures vanquished.

Vanquished Creatures (others)
  Grinder (D:4)
  3 fungi (D:5)
4 creatures vanquished.

Grand Total: 228 creatures vanquished

Notes
Turn   | Place    | Note
-------+----------+-------------------------------------------
     0 | D:1      | Spoonbill the Minotaur Gladiator began the quest for the Orb.
     0 | D:1      | Reached XP level 1. HP: 18/18 MP: 0/0
   206 | D:1      | You fall through a shaft!
   240 | D:2      | Reached skill level 4 in Staves
   240 | D:2      | Reached XP level 2. HP: 25/25 MP: 1/1
   272 | D:2      | Noticed Natasha
   284 | D:2      | Killed Natasha
   284 | D:2      | Reached XP level 3. HP: 12/30 MP: 2/2
   739 | D:2      | Reached XP level 4. HP: 37/37 MP: 3/3
   772 | D:2      | Reached skill level 5 in Staves
   812 | D:2      | Found an opulent altar of Gozag.
   836 | D:2      | Became a worshipper of Gozag Ym Sagoz the Greedy
  1059 | D:2      | Noticed Natasha
  1064 | D:2      | Killed Natasha
  1077 | D:2      | Noticed Natasha
  1093 | D:2      | Killed Natasha
  1487 | D:3      | Reached XP level 5. HP: 42/45 MP: 4/4
  1493 | D:3      | Reached skill level 1 in Armour
  1856 | D:3      | Reached skill level 6 in Staves
  2087 | D:3      | Reached XP level 6. HP: 35/51 MP: 5/5
  2445 | D:4      | Noticed a hippogriff
  2605 | D:4      | Noticed Eustachio
  2614 | D:4      | Killed Eustachio
  2614 | D:4      | Reached skill level 7 in Staves
  2614 | D:4      | Reached XP level 7. HP: 58/58 MP: 6/6
  2645 | D:4      | Noticed bohran's ghost (amateur DrFE)
  2711 | D:4      | Found a shattered altar of Ashenzari.
  2711 | D:4      | Found an ancient bone altar of Kikubaaqudgha.
  2716 | D:4      | Found a shadowy altar of Dithmenos.
  2881 | D:4      | Killed a hippogriff
  2881 | D:4      | Reached skill level 8 in Staves
  2881 | D:4      | Reached skill level 5 in Dodging
  2905 | D:4      | Noticed Grinder
  2905 | D:4      | Paralysed by Grinder for 5 turns
  2906 | D:4      | Noticed Sigmund
  2967 | D:4      | Killed Grinder
  2967 | D:4      | Reached skill level 1 in Stealth
  2967 | D:4      | Reached XP level 8. HP: 9/67 MP: 7/7
  3132 | D:4      | Reached skill level 5 in Fighting
  3395 | D:4      | Killed Sigmund
  3395 | D:4      | Reached skill level 9 in Staves
  3459 | D:4      | Killed bohran's ghost
  3522 | D:5      | Entered Level 5 of the Dungeon
  3640 | D:5      | Noticed asishallab's ghost (novice GnSk)
  3680 | D:5      | Killed asishallab's ghost
  4120 | D:5      | Reached XP level 9. HP: 66/75 MP: 8/8
  4124 | D:5      | Reached skill level 10 in Staves
  4197 | D:5      | Found a glowing golden altar of the Shining One.
  4352 | D:5      | Learned a level 2 spell: Blink
  4696 | D:6      | Found a staircase to the Ecumenical Temple.
  4964 | D:6      | Found a radiant altar of Vehumet.
  5267 | D:6      | Reached skill level 11 in Staves
  5533 | Temple   | Entered the Ecumenical Temple
  6386 | D:8      | Reached XP level 10. HP: 83/86 MP: 9/9
  6530 | D:8      | Reached skill level 12 in Staves
  6612 | D:8      | Noticed a two-headed ogre
  6627 | D:8      | Killed a two-headed ogre
  6958 | D:8      | Found a blossoming altar of Fedhas.
  7276 | D:8      | Found a shimmering altar of Xom.
  7280 | D:8      | Found a hide-covered altar of Uskayaw.
  7290 | D:8      | Found an ornate altar of the Wu Jian Council.
  7291 | D:8      | Found a bloodstained altar of Trog.
  7292 | D:8      | Found an iron altar of Okawaru.
  7685 | D:9      | Noticed Grum
  7709 | D:9      | Killed Grum
  7798 | D:9      | Found a hazy altar of Hepliaklqana.
  8015 | D:9      | Found a staircase to the Lair.
  8020 | Lair:1   | Entered Level 1 of the Lair of Beasts
  8020 | Lair:1   | Noticed a spiny frog
  8022 | Lair:1   | Noticed a spiny frog
  8253 | D:10     | Entered Level 10 of the Dungeon
  9047 | D:10     | Found a staircase to the Orcish Mines.
  9106 | D:10     | Slain by an unseen horror

Skill      XL: |  1  2  3  4  5  6  7  8  9 10 |
---------------+-------------------------------+-----
Staves         | 4 5 6 7 8 9 11 12 | 12.8
Fighting       | 3 4 6 7 9 |  9.3
Armour         | 2 3 |  3.1
Dodging        | 4 5 6 8 9 |  9.3
Stealth        | 1 2 3 |  3.6
Throwing       | 3 |  3.8
Polearms       | |  0.8

Action                   |  1- 3 |  4- 6 |  7- 9 | 10-12 || total
-------------------------+-------+-------+-------+-------++-------
Melee: Quarterstaff      |    28 |    99 |   313 |   222 ||   662
       Headbutt          |     3 |    14 |    59 |    36 ||   112
       Spear             |       |       |       |     9 ||     9
Throw: Throwing net      |       |       |    13 |       ||    13
 Cast: Blink             |       |       |       |     1 ||     1
Evoke: Wand              |       |       |       |     1 ||     1
  Use: Scroll            |       |     2 |     9 |     1 ||    12
       Potion            |       |       |     5 |     5 ||    10
 Stab: Held in net/web   |       |       |     2 |       ||     2
       Distracted        |       |       |     2 |       ||     2
       Sleeping          |       |       |       |     4 ||     4
  Eat: Ration            |       |     2 |     3 |     3 ||     8
Armor: Leather armour    |     4 |    18 |    32 |    17 ||    71
Dodge: Dodged            |    23 |    56 |   135 |   187 ||   401
